 Dungeon Crawl Stone Soup version 0.26-a0-708-g17f3b190f9 (webtiles) character file.

Game seed: 17417862838504348020

81 P0NYSLAYSTATION the Chopper (level 4, -3/40 HPs)
             Began as a Hill Orc Monk on Oct 29, 2020.
             Slain by a centaur (6 damage)
             ... on level 3 of the Dungeon.
             The game lasted 00:08:21 (2571 turns).

P0NYSLAYSTATION the Chopper (Hill Orc Monk)         Turns: 2571, Time: 00:08:22

Health: -3/40      AC:  5    Str: 14    XL:     4   Next: 40%
Magic:  4/4        EV: 11    Int: 10    God:
Gold:   87         SH:  0    Dex: 13    Spells: 3/3 levels left

rFire    . . .     SeeInvis .   a - +0 hand axe
rCold    . . .     Faith    .   (no shield)
rNeg     . . .     Spirit   .   e - +0 ring mail
rPois    .         Reflect  .   (no helmet)
rElec    .         Harm     .   (no cloak)
rCorr    .         Rampage  .   (no gloves)
MR       .....                  (no boots)
Stlth    +.........             (no amulet)
HPRegen  0.13/turn              (no ring)
MPRegen  0.09/turn              (no ring)

@: no status effects
A: no striking features
a: no special abilities


You were on level 3 of the Dungeon.
You visited 1 branch of the dungeon, and saw 3 of its levels.

You collected 87 gold pieces.

Inventory:

Hand Weapons
 a - a +0 hand axe (weapon)
Missiles
 h - 14 poisoned darts (quivered)
Armour
 b - a +0 robe
 e - a +0 ring mail (worn)
Jewellery
 l - an uncursed ring of resist corrosion {unknown}
Scrolls
 c - 2 scrolls of identify {unknown}
 f - 5 scrolls of remove curse {unknown}
 i - a scroll of fear {unknown}
 j - 2 scrolls of noise {unknown}
 m - a scroll of enchant armour {unknown}
 o - a scroll of magic mapping {unknown}
 p - a scroll of fog {unknown}
Potions
 d - a potion of curing
 g - a potion of stabbing
 k - a potion of lignification {unknown}
 n - 2 potions of might {unknown}


   Skills:
 + Level 4.1 Fighting
 + Level 5.1 Axes
 * Level 2.2 Armour
 + Level 2.7 Dodging
 + Level 1.6 Stealth


You had 3 spell levels left.
You didn't know any spells.
Your spell library was empty.

Dungeon Overview and Level Annotations

Branches:
Dungeon (3/15)

Altars:


Message History

You hit the centaur but do no damage.
The centaur is severely wounded.
The centaur hits you.
The centaur hits you but does no damage.
You hit the centaur.
The centaur is almost dead.
The centaur hits you. The centaur barely misses you.
You hit the centaur but do no damage.
The centaur is almost dead.
The centaur hits you!
* * * LOW HITPOINT WARNING * * *
You barely miss the centaur.
The centaur is almost dead.
The centaur hits you.
* * * LOW HITPOINT WARNING * * *
The centaur closely misses you.
You hit the centaur.
The centaur is almost dead.
The centaur hits you.
You die...

...........#
..#........##
............#
............#
#...........##
.............# ..
#............#...#
#................#
.........@......##
##.....#c#####..#
##......# .....
#.(.##.<## ......
..#.....†##....
######..........
#.....##........
#...............
#...............


You could see a centaur.

Vanquished Creatures
  An adder (D:3)
  2 worms
  4 dart slugs
  5 leopard geckos
  2 orcs (D:2)
  2 bats
  2 giant cockroaches (D:2)
  2 goblins
  12 hobgoblins
  4 jackals
  A kobold (D:1)
  2 quokkas
  A ball python (D:2)
  3 frilled lizards (D:2)
  3 rats
46 creatures vanquished.

Notes
Turn   | Place    | Note
-------+----------+-------------------------------------------
     0 | D:1      | P0NYSLAYSTATION the Hill Orc Monk began the quest for the
                  | Orb.
     0 | D:1      | Reached XP level 1. HP: 19/19 MP: 1/1
   240 | D:1      | Reached XP level 2. HP: 25/27 MP: 2/2
   305 | D:2      | Reached skill level 1 in Armour
   619 | D:2      | Reached XP level 3. HP: 17/33 MP: 3/3
   987 | D:3      | Noticed a centaur
  1513 | D:2      | Reached XP level 4. HP: 39/40 MP: 4/4
  1528 | D:3      | Reached skill level 5 in Axes
  2571 | D:3      | Slain by a centaur

Illustrated notes

Levels and vault maps discovered:
D:1:      tarquinn_simple_flora_water_e, layout_basic, hangedman_glass_teeth,
          minmay_misc_feat_four_crosses
D:2:      layout_loops_ring, palyth_stone_intersect, minmay_quadrilaterals
D:3:      layout_rooms

Skill      XL: |  1  2  3  4 |
---------------+-------------+-----
Armour         | 1 2 |  2.2
Fighting       | 4 |  4.1
Axes           | 5 |  5.1
Dodging        | |  2.7
Stealth        | |  1.6

Action                   |  1- 3 |  4- 6 || total
-------------------------+-------+-------++-------
Melee: Hand axe          |   116 |    67 ||   183
  Use: Potion            |       |     2 ||     2
 Stab: Sleeping          |     1 |       ||     1
Armor: Ring mail         |    37 |    25 ||    62
Dodge: Dodged            |    69 |    52 ||   121

Table legend: (Time is in decaauts)
 A = Elapsed time spent in this place.
 B = Non-inter-level travel time spent in this place.
 C = Inter-level travel time spent in this place.
 D = Time resting spent in this place.
 E = Time spent auto-exploring this place.
 F = Levels seen in this place.
 G = Mean time per level.
                   A        B        C        D        E       F      G
               +--------+--------+--------+--------+--------+-----+--------+
         Total |   2593 |   2396 |    197 |    537 |   1266 |   3 |  864.3 |
       Dungeon |   2593 |   2396 |    197 |    537 |   1266 |   3 |  864.3 |
               +--------+--------+--------+--------+--------+-----+--------+

Top non-repeatable levels by time:
     D:2: 2039 daAuts
     D:1: 339 daAuts
     D:3: 214 daAuts
